Map: Central Protocol

Players

MrStork

  • Race: Zerg Zerg
  • League: Diamond

Ninja - Winner!

  • Race: Zerg Zerg

Event: Gauntlet LotV Series 1 Qualifier 1

VOD

Have the link to the VOD?

Description

Time

  • Played on: Nov. 22, 2015, 3:27 p.m.
  • Length: 6:08

All games in this series

Show
View Real Time Build Order
Export as new Build Order

MrStork Zerg 

Build Orders: Pool First 

Get SALT Encoding   

  12  0:01  Drone  
  13  0:10  Drone  
  14  0:16  Drone, Extractor  
  15  0:23  Overlord  
  15  0:38  Spawning Pool  
  15  0:41  Drone  
  15  0:45  Extractor  
  15  0:48  Drone  
  15  0:50  Drone  
  15  0:55  Drone  
  17  1:19  Hatchery  
  17  1:25  Zergling x2  
  17  1:26  Zergling x2  
  17  1:29  Zergling x2  
  19  1:38  Zergling x2  
  20  1:47  Metabolic Boost  
  20  1:49  Zergling x2  
  21  2:00  Overlord  
  20  2:04  Queen  
  21  2:21  Zergling x4  
  22  2:30  Queen  
  22  2:31  Zergling x2  
  22  2:32  Zergling x2  
  26  2:43  Zergling x4  
  28  2:56  Zergling x2  
  28  2:57  Zergling x2  
  23  3:07  Zergling x4  
  17  3:19  Zergling x10  
  22  3:27  Zergling x2  
  22  3:32  Drone  
  24  3:37  Zergling x2  
  21  3:43  Zergling x2  
  21  3:48  Zergling x2  
  21  3:49  Zergling x4  
  20  3:56  Zergling x4  
  21  4:06  Zergling x2  
  21  4:09  Zergling x2  
  21  4:11  Drone  
  21  4:15  Zergling x2  
  22  4:20  Zergling x2  
  18  4:27  Zergling x2  
  19  4:33  Zergling x2  
  19  4:38  Zergling x2  
  20  4:44  Drone  
  19  4:57  Queen  
  21  5:05  Zergling x4  
  21  5:11  Zergling x2  
  17  5:14  Zergling x2  
  17  5:20  Zergling x2  
  19  5:27  Zergling x2  
  15  5:38  Zergling x6  
  15  5:42  Zergling x2  
  19  5:48  Zergling x2  
Show
View Real Time Build Order
Export as new Build Order

Ninja Zerg - Winner!

Build Orders: Pool Only, Zergling Baneling 

Get SALT Encoding   

  12  0:01  Drone  
  13  0:12  Extractor  
  12  0:25  Spawning Pool  
  11  0:29  Drone  
  11  0:34  Drone  
  13  0:39  Drone  
  14  0:52  Overlord  
  14  1:10  Drone  
  15  1:14  Metabolic Boost, Zergling x4  
  17  1:23  Zergling x2  
  18  1:35  Zergling x2  
  18  1:39  Baneling Nest  
  18  1:45  Zergling x2  
  19  1:52  Queen  
  21  1:59  Zergling x2  
  21  2:09  Zergling x2  
  21  2:18  Zergling x2  
  21  2:28  Zergling x2  
  22  2:34  Baneling  
  22  2:35  Baneling x3  
  22  2:37  Baneling x2  
  22  2:38  Overlord  
  21  2:58  Zergling x2  
  21  3:06  Zergling x2  
  21  3:10  Zergling x4  
  21  3:12  Zergling x4  
  22  3:24  Zergling x2  
  22  3:26  Baneling x2  
  23  3:30  Queen  
  25  3:34  Zergling x2  
  25  3:44  Zergling x2  
  25  3:52  Zergling x6  
  28  4:02  Zergling x2  
  27  4:15  Zergling x2  
  27  4:17  Zergling x2  
  27  4:18  Zergling x4  
  28  4:25  Zergling x2  
  28  4:34  Zergling x2  
  28  4:46  Zergling x2  
  28  4:49  Zergling x2  
  28  4:54  Overlord  
  28  4:56  Baneling, Zergling x2  
  28  4:57  Baneling  
  29  5:03  Zergling x2  
  23  5:14  Zergling x2  
  23  5:17  Zergling x6  
  27  5:31  Zergling x2  
  27  5:33  Zergling x2  
  28  5:39  Baneling x3  
  28  5:44  Drone  
Tags
 
Add a new tag
Caveats
  • Supply blocks, unpowered buildings, or Contaminate may cause inaccurate times.
  • Supply counts are checked every 10 seconds.